 Dungeon Crawl Stone Soup version 0.15.0-14-g6bbbb5c (console) character file.

3183 gw the Martial Artist (level 9, -6/79 HPs)
             Began as a Mottled Draconian Monk on Sept 4, 2014.
             Was a Believer of Makhleb.
             Mangled by a killer bee (8 damage)
             ... on Level 7 of the Dungeon.
             The game lasted 00:05:38 (11711 turns).

gw the Martial Artist (Mottled Draconian Monk)     Turns: 11711, Time: 00:05:38

HP  -6/79        AC  9     Str 13      XL: 9   Next: 64%
MP  16/16        EV 15     Int 10      God: Makhleb [**....]
Gold 0           SH  0     Dex 16      Spells:  0 memorised,  8 levels left

rFire  . . .     SeeInvis .       - Unarmed
rCold  . . .     Rnd*Rage +     (armour unavailable)
rNeg   . . .     rCorr    .     (no shield)
rPois  .         rRot     .     (helmet restricted)
rElec  .         Spirit   .     b - +0 cloak
SustAb .         Warding  .     l - +0 pair of gloves (curse)
rMut   .         Stasis   .     (no boots)
Gourm  .                        (no amulet)
MR     .....                    (no ring)
                                (no ring)

@: lethally poisoned, not resistant to hostile enchantments, unstealthy
A: breathe sticky flames, unfitting armour, berserk 1, clumsy 1, cold-blooded,
AC +7
a: Breathe Sticky Flame, Minor Destruction, Renounce Religion


You were on level 7 of the Dungeon.
You worshipped Makhleb.
Makhleb was pleased with you.
You were near starving.

You visited 1 branch of the dungeon, and saw 8 of its levels.

Inventory:

Missiles
 d - 244 stones (quivered)
Armour
 b - a +0 cloak (worn)
 l - a cursed +0 pair of gloves (worn)
Magical devices
 o - a wand of digging (13)
Comestibles
 h - 6 beef jerkies
 i - 3 meat rations
 r - 6 bread rations
Scrolls
 c - a scroll of recharging
 g - a scroll of enchant armour
 j - 4 scrolls of enchant weapon
 k - a scroll of remove curse
 n - 3 scrolls of identify
Potions
 a - 2 potions of curing
 f - a potion of degeneration {unknown}


   Skills:
 + Level 7.2 Fighting
 + Level 4.9 Throwing
 + Level 5.8 Dodging
 - Level 1.7 Stealth
 * Level 9.1 Unarmed Combat
 + Level 4.9 Invocations


You had 8 spell levels left.
You didn't know any spells.

Dungeon Overview and Level Annotations

Branches:
Dungeon (8/15)             Temple (0/1) D:5
   Lair: D:8-11

Altars:
Makhleb
Nemelex Xobeh
Trog

Annotations:
D:4 Pikel


Innate Abilities, Weirdness & Mutations

You can spit globs of burning liquid.
You can ignite nearby creatures when you spit burning liquid.
Your weird mottled scales are hard (AC +7).
Your body does not fit into most forms of armour.
Your cold-blooded metabolism reacts poorly to cold.
You tend to lose your temper in combat.
You are clumsy. (Dex -2)


Message History

You are more poisoned.
The killer bee poisons you! The killer bee stings you!
MOVING TO (3,-2)
You feel sick. The killer bee misses you.
MOVING TO (2,-1)
The killer bee stings you!
MOVING TO (1,-1)
You feel sick. The killer bee stings you!
The giant cockroach bites you but does no damage.
MOVING TO (1,-8)
You feel sick.
The killer bee stings you but does no damage.
The killer bee barely misses you.
MOVING TO (1,-7)
The killer bee stings you.
MOVING TO (1,-6)
You feel sick. The killer bee barely misses you.
MOVING TO (0,-5)
The killer bee stings you!
You die...

..##....###..##
# #.##.####
##..## #
#.#.....#
##..## #
#.#.###.#
##..## #
#.#...#.#
##..### #
#.#####.#
##..)## #
.....%..#
#..[.# ###
#########
#...## #$. ..#
#..# #d..# #.#
#.####.##
##y.## ##.#
#.##...# ##.s##
#.%. #.#..>##
##...# ##.#
..#..## ##...##
#.## ###.##
##...## ##.#
....## ##...##
#.### .....##
##...## #.).#
.#....###...##
###### #%ยค.#


You could see a killer bee and a giant cockroach.

Table legend:
 A = Turns spent in this place as a percentage of turns spent in the entire game.
 B = Non-inter-level travel turns spent in this place as a percentage of non-inter-level travel turns spent in the entire game.
 C = Inter-level travel turns spent in this place as a percentage of turns spent in this place.
 D = Turns resting spent in this place as a percentage of non-inter-level travel turns spent in this place.
 E = Turns spent auto-exploring this place as a percentage of non-inter-level travel turns spent in this place.
 F = Non-inter-level travel turns spent in this place divided by the number of levels of this place that you've seen.
                   A       B       C       D       E      F
               +-------+-------+-------+-------+-------+----------------------
         Total | 100.0 | 100.0 |   0.5 |   6.4 |  13.3 | 360.4
       Dungeon | 100.0 | 100.0 |   0.5 |   6.4 |  13.3 | 360.4
               +-------+-------+-------+-------+-------+----------------------

Table legend:
 A = Kills in this place as a percentage of kills in entire the game.
 B = Kills by you in this place as a percentage of kills by you in the entire game.
 C = Kills by friends in this place as a percentage of kills by friends in the entire game.
 D = Other kills in this place as a percentage of other kills in the entire game.
 E = Experience gained in this place as a percentage of experience gained in the entire game.
 F = Experience gained in this place divided by the number of levels of this place that you have seen.
                   A       B       C       D       E      F
               +-------+-------+-------+-------+-------+----------------------
         Total | 100.0 | 100.0 | 100.0 |  -nan | 100.0 | 568.5
       Dungeon | 100.0 | 100.0 | 100.0 |  -nan | 100.0 | 568.5
               +-------+-------+-------+-------+-------+----------------------

Vanquished Creatures
  A ynoxinul (D:8)
  A hippogriff (D:7)
  The ghost of gw the Pure, an average DsAK of Lugonu (D:3)
  Menkaure (D:6)
  A sky beast (D:5)
  4 ogres
  2 ice beasts
  A necrophage (D:7)
  4 centaurs
  The ghost of gw the Chucker, a weakling CeHu (D:4)
  3 scorpions
  A killer bee (D:8)
  3 wights
  A yak skeleton (D:8)
  4 crimson imps
  3 jellies (D:6)
  A goliath beetle (D:8)
  Crazy Yiuf (D:2)
  An orc priest (D:6)
  6 hounds
  2 iguanas
  7 worker ants
  2 orc wizards (D:6)
  A killer bee zombie (D:6)
  A worker ant zombie (D:5)
  12 gnolls
  A scorpion zombie (D:6)
  2 giant mites
  10 adders
  An inept item mimic (D:2)
  5 worms
  An ufetubus (D:8)
  An adder skeleton (D:7)
  An ooze (D:1)
  11 orcs
  A ball python (D:5)
  11 bats
  12 goblins
  12 hobgoblins
  11 jackals
  15 kobolds
  2 quokkas
  7 giant cockroaches
  A giant cockroach zombie (D:6)
  6 giant geckos
  9 giant newts
  A goblin skeleton (D:5)
  A goblin zombie (D:5)
  A jackal skeleton (D:5)
  13 rats
  A plant (D:1)
203 creatures vanquished.

Vanquished Creatures (collateral kills)
  2 smoke demons (D:7)
  A neqoxec (D:7)
  An orc warrior (D:8)
  A water moccasin (D:7)
  A big kobold (D:7)
  A crimson imp (D:7)
  A goliath beetle (D:6)
  2 ufetubi (D:8)
10 creatures vanquished.

Vanquished Creatures (others)
  An ufetubus (D:8)
1 creature vanquished.

Grand Total: 214 creatures vanquished

Notes
Turn   | Place    | Note
--------------------------------------------------------------
     0 | D:1      | gw, the Draconian Monk, began the quest for the Orb.
     0 | D:1      | Reached XP level 1. HP: 19/19 MP: 1/1
   522 | D:1      | Reached XP level 2. HP: 26/26 MP: 2/2
   855 | D:1      | Reached skill level 1 in Throwing
  1336 | D:1      | Reached XP level 3. HP: 23/31 MP: 3/3
  2291 | D:2      | Reached XP level 4. HP: 40/40 MP: 4/4
  2522 | D:2      | Noticed Crazy Yiuf
  2572 | D:2      | Killed Crazy Yiuf
  3067 | D:3      | Reached skill level 5 in Unarmed Combat
  3096 | D:3      | Noticed gw's ghost (average DsAK)
  3189 | D:3      | Killed gw's ghost
  3189 | D:3      | Reached XP level 5. HP: 4/47 MP: 5/5
  3532 | D:3      | Reached XP level 6. HP: 36/53 MP: 6/6
  4318 | D:4      | Noticed gw's ghost (weakling CeHu)
  4567 | D:4      | Noticed Pikel
  4580 | D:4      | Killed gw's ghost
  4708 | D:4      | Reached skill level 6 in Unarmed Combat
  4708 | D:4      | Your scales start taking on a weird mottled pattern.
  4708 | D:4      | Reached XP level 7. HP: 60/60 MP: 7/7
  4784 | D:4      | Reached skill level 5 in Fighting
  4937 | D:4      | Found a burning altar of Makhleb.
  4943 | D:4      | Became a worshipper of Makhleb the Destroyer
  4943 | D:4      | Acquired Makhleb's first power
  4943 | D:4      | Acquired Makhleb's second power
  5489 | D:5      | Entered Level 5 of the Dungeon
  5766 | D:5      | Found a staircase to the Ecumenical Temple.
  5849 | D:5      | Reached skill level 1 in Invocations
  6201 | D:5      | Reached XP level 8. HP: 18/69 MP: 10/10
  6471 | D:5      | Reached skill level 7 in Unarmed Combat
  7258 | D:7      | Reached skill level 5 in Dodging
  7381 | D:6      | Acquired Makhleb's third power
  7904 | D:6      | Reached skill level 8 in Unarmed Combat
  8205 | D:6      | Reached XP level 9. HP: 63/78 MP: 14/14
  8400 | D:6      | Noticed Menkaure
  8409 | D:6      | Killed Menkaure
  9058 | D:6      | Acquired Makhleb's fourth power
  9165 | D:6      | Gained mutation: You are weak. (Str -2) [potion of mutation]
  9165 | D:6      | Gained mutation: You are clumsy. (Dex -2) [potion of mutation]
  9165 | D:6      | Lost mutation: You are weak. (Str -2) [potion of mutation]
  9295 | D:7      | Noticed a smoke demon
  9300 | D:7      | Killed a smoke demon
  9464 | D:7      | Gained mutation: You tend to lose your temper in combat. [a neqoxec]
  9897 | D:7      | Found a sparkling altar of Nemelex Xobeh.
 10202 | D:7      | Found a bloodstained altar of Trog.
 10707 | D:7      | Identified a scroll of acquirement
 11154 | D:8      | Reached skill level 9 in Unarmed Combat
 11709 | D:7      | HP: 3/79 [killer bee (3)]
 11711 | D:7      | Mangled by a killer bee

Action                   |  1- 3 |  4- 6 |  7- 9 || total
-------------------------+-------+-------+-------++-------
Melee: Unarmed           |   238 |   121 |   473 ||   832
Throw: Stone             |    43 |     1 |   138 ||   182
       Tomahawk          |     1 |    60 |   102 ||   163
Invok: Minor Destruction |       |       |    88 ||    88
       Lesser Servant of |       |       |    22 ||    22
Evoke: Wand              |       |       |     1 ||     1
  Use: Scroll            |     2 |    10 |     6 ||    18
       Potion            |     2 |     5 |     4 ||    11
 Stab: Sleeping          |     1 |       |     1 ||     2
  Eat: Chunk             |     3 |     4 |    20 ||    27
       Bread ration      |       |     1 |       ||     1
       Pizza             |       |       |     2 ||     2
       Royal jelly       |       |       |     2 ||     2

Vault maps used:
D:1:      lightli_arrival_quake, serial_bayou_lake_a
D:2:      grunt_decor_arrowhead, uniq_crazy_yiuf_cottage
D:4:      makhleb_heckhound_becter, first_bread, uniq_pikel
D:5:      minmay_temple_entry_statues
D:6:      gup_sewer_entry_bubbles, minmay_misc_feat_ornament, uniq_menkaure
D:7:      mumra_celtic_spiral_tile, nemelex_deck, grunt_ogre_cave,
          minmay_misc_feat_plants, bloody_trog
